Connexion

WINNIPEG Jets vs COLORADO Avalanche (R2)

Created - 29 octobre 2023 at 07:51

Goals
1 2 3 T
WINNIPEG Jets 1 1 0 2
COLORADO Avalanche 1 2 1 4
Shots
1 2 3 T
WINNIPEG Jets 10 9 6 25
COLORADO Avalanche 4 11 8 23

GoalsPenalties
1st period
1. COLORADO Avalanche , Luke Glendening 3 (Noah Dobson 13) at 1:39
2. WINNIPEG Jets , Dawson Mercer 11 (Jeff Petry 20, Ukko-Pekka Luukkonen) at 6:13 (PP)
Oscar Klefbom (COL) for Roughing (Minor) at 4:19
Sam Reinhart (WPG) for Interference (Minor) at 7:06
Luke Glendening (COL) for Holding (Minor) at 14:10
2nd period
3. COLORADO Avalanche , Luke Glendening 4 (Mark Pysyk 11, Anthony Mantha 11) at 3:47
4. WINNIPEG Jets , Noah Cates 10 (Olli Juolevi 15, Ethan Bear 18) at 9:46
5. COLORADO Avalanche , Alexander Wennberg 10 (Brenden Dillon 9, Artemi Panarin 10) at 18:47
Noah Cates (WPG) for High sticking (Minor) at 3:58
Luke Glendening (COL) for Diving (Minor) at 6:52
Ukko-Pekka Luukkonen (WPG) for Slashing (Minor) at 11:46 - Dmitrij Jaskin served the penalty.
Christian Djoos (COL) for Hooking (Minor) at 14:34
3rd period
6. COLORADO Avalanche , Christian Djoos 4 (Oscar Klefbom 13, Artemi Panarin 11) at 19:51
Jeff Petry (WPG) for Interference (Minor) at 12:12
Noah Dobson (COL) for Tripping (Minor) at 19:59
Goalie Stats
Ukko-Pekka Luukkonen (WPG), 19 saves from 23 shots - (0,826), L, 11-9-3, 60:00 minutes
Laurent Brossoit (COL), 23 saves from 25 shots - (0,920), W, 1-3-0, 60:00 minutes
3 StarsOfficial
1 - Luke Glendening (COL)
2 - Artemi Panarin (COL)
3 - Alexander Wennberg (COL)
Referees : Kerry Fraser and Tim Peel
Linesman : Vaughan Rody and Derek Amell
Game Note
No Game Note
Finance
Level 1 -- Attendance: 5567 (92,78%) -- Ticket Income 556 700 $
Level 2 -- Attendance: 5007 (100,00%) -- Ticket Income 400 560 $
Level 3 -- Attendance: 1447 (72,35%) -- Ticket Income 101 290 $
Level 4 -- Attendance: 2900 (72,50%) -- Ticket Income 116 000 $
Luxury Box -- Attendance: 464 (46,40%) -- Ticket Income 232 000 $
Game was played at the Pepsi Center.
Total Attendance: 15385 (85,44%)
Total Ticket Income: 1 406 550 $
Other Income: 281 310 $
Total Income: 1 687 860 $



Team Name Goals Shots Shots Attemp Shots Blocked PIM HIT PP PK FO%
WINNIPEG Jets 2254578251 / 5 (20%)049%
COLORADO Avalanche 42360610260 / 4 (0%)151%

WINNIPEG Jets
Player Name POS G A P +/- PIM HIT SHT SB MP PP MP PP SHT PK MP PK SHT FO% FOT
Alex Barre-BouletC/LW/RW0000000010:124:4000:370100% 1
Alexei ToropchenkoRW000-1011010:410:0000:000100% 1
Andreas AthanasiouC/LW/RW000-3013020:194:4012:02050% 2
Anton LindholmD000-2000116:430:0000:5000% 0
Charlie CoyleC/RW000-1021012:262:3100:000100% 1
Colton ParaykoD000-2021216:070:0000:1400% 0
Damon SeversonD0000001024:494:4215:0900% 0
Dawson MercerC1010012022:204:4022:02042% 31
Dmitrij JaskinLW/RW0001043016:500:4010:2400% 1
Eeli TolvanenLW/RW000-2002012:590:0000:0000% 1
Ethan BearD011-1024119:043:0932:3300% 0
Gemel SmithC/LW/RW0000010012:562:3105:30063% 8
Jeff Petry D0110232123:144:4213:3500% 0
Noah CatesLW1011241016:250:4000:000100% 1
Olli JuoleviD011-1010220:023:0903:3100% 0
Rasmus KupariC000-3022014:470:0001:10047% 15
Sam ReinhartC/RW000-1211016:322:3114:07043% 14
Vitali AbramovLW/RW000000105:350:4000:000100% 2
COLORADO Avalanche
Player Name POS G A P +/- PIM HIT SHT SB MP PP MP PP SHT PK MP PK SHT FO% FOT
Adam RuzickaC000002004:240:0000:00080% 5
Alex ChiassonLW/RW000000003:383:3800:000100% 1
Alexander WennbergC1011024118:213:3813:04035% 20
Anthony ManthaLW/RW0113011018:334:1800:0900% 0
Anze KopitarC0002002016:200:0003:04072% 18
Artemi PanarinLW0222021021:254:1804:3800% 1
Brenden DillonD0110030114:430:0002:1200% 0
Christian DjoosD1011202323:523:2312:5200% 0
Claude GirouxC/LW/RW0002013025:234:1804:12046% 13
Evgeny SvechnikovRW000-1020014:390:0000:3500% 1
Glenn GawdinC/LW000-1012014:040:0000:000100% 2
Gustav LindstromD0000000012:430:0000:1200% 0
Luke GlendeningC/RW2022444016:523:3800:000100% 3
Mark PysykD0112012021:584:3323:2100% 0
Martin FrkRW000000004:240:0000:0000% 0
Noah DobsonD0112221021:594:3313:2300% 0
Oscar KlefbomD0111241124:423:2313:4200% 0
Philip TomasinoC000-1010014:040:0000:00029% 14



Play-by-Play

1st period


0:01 of 1st period - Dawson Mercer wins face-off versus Alexander Wennberg in neutral zone.
0:04 of 1st period - Alexander Wennberg is hit by Dmitrij Jaskin.
0:11 of 1st period - Dawson Mercer is hit by Oscar Klefbom and loses puck.
0:47 of 1st period - Jeff Petry is hit by Oscar Klefbom.
1:08 of 1st period - Andreas Athanasiou is hit by Artemi Panarin and loses puck.
1:21 of 1st period - Icing by Anze Kopitar.
1:22 of 1st period - Charlie Coyle wins face-off versus Anze Kopitar in COLORADO Avalanche zone.
1:39 of 1st period - Shot by Luke Glendening.
1:39 of 1st period - Goal by Luke Glendening - WINNIPEG Jets : 0 - COLORADO Avalanche : 1.
1:40 of 1st period - Rasmus Kupari wins face-off versus Philip Tomasino in neutral zone.
1:43 of 1st period - Shot by Andreas Athanasiou.
1:43 of 1st period - Shot Blocked by Brenden Dillon.
1:45 of 1st period - Shot by Andreas Athanasiou.
1:45 of 1st period - Stopped by Laurent Brossoit without a rebound.
1:46 of 1st period - Vitali Abramov wins face-off versus Philip Tomasino in COLORADO Avalanche zone.
1:46 of 1st period - Alex Barre-Boulet is hit by Brenden Dillon and loses puck.
1:59 of 1st period - Shot by Philip Tomasino.
1:59 of 1st period - Shot Misses the Net.
2:33 of 1st period - Icing by Gemel Smith.
2:34 of 1st period - Gemel Smith wins face-off versus Anze Kopitar in WINNIPEG Jets zone.
2:56 of 1st period - Anthony Mantha is hit by Jeff Petry and loses puck.
3:24 of 1st period - Shot by Eeli Tolvanen.
3:24 of 1st period - Stopped by Laurent Brossoit without a rebound.
3:25 of 1st period - Adam Ruzicka wins face-off versus Sam Reinhart in COLORADO Avalanche zone.
3:27 of 1st period - Claude Giroux is hit by Alexei Toropchenko and loses puck.
3:51 of 1st period - Alexei Toropchenko is hit by Oscar Klefbom and loses puck.
4:06 of 1st period - Shot by Sam Reinhart.
4:06 of 1st period - Shot Blocked by Christian Djoos.
4:19 of 1st period - Minor Penalty to Oscar Klefbom for Roughing.
4:20 of 1st period - Dawson Mercer wins face-off versus Claude Giroux in COLORADO Avalanche zone.
5:55 of 1st period - Shot by Ethan Bear.
5:55 of 1st period - Stopped by Laurent Brossoit without a rebound.
5:56 of 1st period - Dawson Mercer wins face-off versus Evgeny Svechnikov in COLORADO Avalanche zone.
6:07 of 1st period - Shot by Jeff Petry .
6:07 of 1st period - Shot Misses the Net.
6:13 of 1st period - Shot by Dawson Mercer.
6:13 of 1st period - Goal by Dawson Mercer - WINNIPEG Jets : 1 - COLORADO Avalanche : 1.
6:14 of 1st period - Anze Kopitar wins face-off versus Dawson Mercer in neutral zone.
6:31 of 1st period - Shot by Luke Glendening.
6:31 of 1st period - Shot Misses the Net.
6:33 of 1st period - Shot by Anthony Mantha.
6:33 of 1st period - Shot Misses the Net.
6:37 of 1st period - Shot by Anthony Mantha.
6:37 of 1st period - Shot Blocked by Colton Parayko.
6:39 of 1st period - Shot by Anthony Mantha.
6:39 of 1st period - Shot Misses the Net.
7:06 of 1st period - Minor Penalty to Sam Reinhart for Interference.
7:07 of 1st period - Rasmus Kupari wins face-off versus Claude Giroux in WINNIPEG Jets zone.
7:38 of 1st period - Shot by Noah Dobson.
7:38 of 1st period - Shot Misses the Net.
7:40 of 1st period - Shot by Mark Pysyk.
7:40 of 1st period - Stopped by Ukko-Pekka Luukkonen with a rebound.
8:07 of 1st period - Shot by Alexander Wennberg.
8:07 of 1st period - Deflect By Alex Chiasson.
8:07 of 1st period - Shot Misses the Net.
8:27 of 1st period - Icing by Oscar Klefbom.
8:28 of 1st period - Alex Barre-Boulet wins face-off versus Alexander Wennberg in COLORADO Avalanche zone.
8:49 of 1st period - Shot by Artemi Panarin.
8:49 of 1st period - Shot Misses the Net.
8:51 of 1st period - Shot by Anthony Mantha.
8:51 of 1st period - Shot Misses the Net.
9:19 of 1st period - Shot by Charlie Coyle.
9:19 of 1st period - Stopped by Laurent Brossoit without a rebound.
9:20 of 1st period - Philip Tomasino wins face-off versus Dawson Mercer in COLORADO Avalanche zone.
9:20 of 1st period - Philip Tomasino is hit by Noah Cates.
9:31 of 1st period - Shot by Evgeny Svechnikov.
9:31 of 1st period - Shot Misses the Net.
9:59 of 1st period - Ethan Bear is hit by Glenn Gawdin and loses puck.
10:36 of 1st period - Shot by Andreas Athanasiou.
10:36 of 1st period - Shot Blocked by Alexander Wennberg.
11:13 of 1st period - Icing by Anton Lindholm.
11:14 of 1st period - Anze Kopitar wins face-off versus Sam Reinhart in WINNIPEG Jets zone.
11:44 of 1st period - Alexei Toropchenko is hit by Oscar Klefbom and loses puck.
12:12 of 1st period - Claude Giroux is hit by Colton Parayko and loses puck.
12:27 of 1st period - Shot by Adam Ruzicka.
12:27 of 1st period - Shot Blocked by Anton Lindholm.
12:29 of 1st period - Shot by Brenden Dillon.
12:29 of 1st period - Shot Misses the Net.
13:44 of 1st period - Oscar Klefbom is hit by Charlie Coyle and loses puck.
13:57 of 1st period - Shot by Christian Djoos.
13:57 of 1st period - Shot Blocked by Colton Parayko.
14:10 of 1st period - Minor Penalty to Luke Glendening for Holding.
14:11 of 1st period - Claude Giroux wins face-off versus Dawson Mercer in COLORADO Avalanche zone.
14:26 of 1st period - Shot by Jeff Petry .
14:26 of 1st period - Shot Hit the Post.
14:28 of 1st period - Shot by Damon Severson.
14:28 of 1st period - Stopped by Laurent Brossoit without a rebound.
14:29 of 1st period - Claude Giroux wins face-off versus Dawson Mercer in COLORADO Avalanche zone.
14:40 of 1st period - Shot by Olli Juolevi.
14:40 of 1st period - Deflect By Andreas Athanasiou.
14:40 of 1st period - Shot Misses the Net.
14:52 of 1st period - Artemi Panarin is hit by Andreas Athanasiou and loses puck.
14:59 of 1st period - Shot by Dawson Mercer.
14:59 of 1st period - Stopped by Laurent Brossoit with a rebound.
15:51 of 1st period - Shot by Damon Severson.
15:51 of 1st period - Shot Blocked by Christian Djoos.
15:59 of 1st period - Shot by Dmitrij Jaskin.
15:59 of 1st period - Stopped by Laurent Brossoit without a rebound.
16:00 of 1st period - Noah Cates wins face-off versus Alexander Wennberg in COLORADO Avalanche zone.
16:18 of 1st period - Icing by Evgeny Svechnikov.
16:19 of 1st period - Rasmus Kupari wins face-off versus Philip Tomasino in COLORADO Avalanche zone.
16:27 of 1st period - Icing by Gustav Lindstrom.
16:28 of 1st period - Dawson Mercer wins face-off versus Philip Tomasino in COLORADO Avalanche zone.
18:22 of 1st period - Alexander Wennberg is hit by Olli Juolevi.
18:25 of 1st period - Artemi Panarin is hit by Ethan Bear.
18:30 of 1st period - Icing by Gemel Smith.
18:31 of 1st period - Luke Glendening wins face-off versus Gemel Smith in WINNIPEG Jets zone.
18:31 of 1st period - Anze Kopitar is hit by Ethan Bear.
18:33 of 1st period - Shot by Anthony Mantha.
18:33 of 1st period - Stopped by Ukko-Pekka Luukkonen with a rebound.
18:35 of 1st period - Shot by Luke Glendening.
18:35 of 1st period - Shot Misses the Net.
18:37 of 1st period - Shot by Anze Kopitar.
18:37 of 1st period - Shot Misses the Net.
18:39 of 1st period - Shot by Luke Glendening.
18:39 of 1st period - Stopped by Ukko-Pekka Luukkonen without a rebound.
18:40 of 1st period - Andreas Athanasiou wins face-off versus Anze Kopitar in WINNIPEG Jets zone.
18:50 of 1st period - Icing by Colton Parayko.
18:51 of 1st period - Anze Kopitar wins face-off versus Rasmus Kupari in WINNIPEG Jets zone.
19:03 of 1st period - Rasmus Kupari is hit by Noah Dobson and loses puck.
19:18 of 1st period - Shot by Rasmus Kupari.
19:18 of 1st period - Deflect By Andreas Athanasiou.
19:18 of 1st period - Shot Misses the Net.
19:20 of 1st period - Shot by Eeli Tolvanen.
19:20 of 1st period - Stopped by Laurent Brossoit with a rebound.
19:22 of 1st period - Shot by Rasmus Kupari.
19:22 of 1st period - Stopped by Laurent Brossoit without a rebound.
19:23 of 1st period - Dawson Mercer wins face-off versus Artemi Panarin in COLORADO Avalanche zone.
19:24 of 1st period - Shot by Jeff Petry .
19:24 of 1st period - Shot Hit the Post.
19:35 of 1st period - Icing by Oscar Klefbom.
19:36 of 1st period - Gemel Smith wins face-off versus Alexander Wennberg in COLORADO Avalanche zone.
19:39 of 1st period - Shot by Gemel Smith.
19:39 of 1st period - Shot Misses the Net.
19:42 of 1st period - Icing by Oscar Klefbom.
19:43 of 1st period - Dawson Mercer wins face-off versus Alexander Wennberg in COLORADO Avalanche zone.
19:49 of 1st period - Icing by Christian Djoos.
19:50 of 1st period - Dawson Mercer wins face-off versus Alexander Wennberg in COLORADO Avalanche zone.
Goals for this period are 1 for WINNIPEG Jets vs 1 for COLORADO Avalanche .
Shots for this period are 10 for WINNIPEG Jets vs 4 for COLORADO Avalanche .

2nd period


0:01 of 2nd period - Alexander Wennberg wins face-off versus Dawson Mercer in neutral zone.
0:01 of 2nd period - Oscar Klefbom is hit by Dmitrij Jaskin.
0:03 of 2nd period - Shot by Claude Giroux.
0:03 of 2nd period - Deflect By Alexander Wennberg.
0:03 of 2nd period - Shot Misses the Net.
0:05 of 2nd period - Shot by Christian Djoos.
0:05 of 2nd period - Shot Misses the Net.
0:07 of 2nd period - Shot by Artemi Panarin.
0:07 of 2nd period - Stopped by Ukko-Pekka Luukkonen with a rebound.
0:09 of 2nd period - Shot by Claude Giroux.
0:09 of 2nd period - Shot Misses the Net.
0:11 of 2nd period - Shot by Alexander Wennberg.
0:11 of 2nd period - Stopped by Ukko-Pekka Luukkonen without a rebound.
0:12 of 2nd period - Anze Kopitar wins face-off versus Rasmus Kupari in WINNIPEG Jets zone.
0:47 of 2nd period - Shot by Anthony Mantha.
0:47 of 2nd period - Shot Misses the Net.
0:49 of 2nd period - Shot by Luke Glendening.
0:49 of 2nd period - Shot Blocked by Olli Juolevi.
1:32 of 2nd period - Icing by Jeff Petry .
1:33 of 2nd period - Dawson Mercer wins face-off versus Philip Tomasino in WINNIPEG Jets zone.
1:33 of 2nd period - Damon Severson is hit by Evgeny Svechnikov and loses puck.
1:45 of 2nd period - Icing by Damon Severson.
1:46 of 2nd period - Adam Ruzicka wins face-off versus Dawson Mercer in WINNIPEG Jets zone.
1:56 of 2nd period - Noah Cates is hit by Adam Ruzicka and loses puck.
2:08 of 2nd period - Oscar Klefbom is hit by Noah Cates and loses puck.
2:23 of 2nd period - Shot by Dmitrij Jaskin.
2:23 of 2nd period - Stopped by Laurent Brossoit with a rebound.
2:43 of 2nd period - Anton Lindholm is hit by Adam Ruzicka and loses puck.
3:07 of 2nd period - Off-side.
3:08 of 2nd period - Luke Glendening wins face-off versus Rasmus Kupari in neutral zone.
3:13 of 2nd period - Shot by Anthony Mantha.
3:13 of 2nd period - Shot Blocked by Olli Juolevi.
3:15 of 2nd period - Shot by Anze Kopitar.
3:15 of 2nd period - Stopped by Ukko-Pekka Luukkonen with a rebound.
3:17 of 2nd period - Shot by Luke Glendening.
3:17 of 2nd period - Shot Misses the Net.
3:19 of 2nd period - Shot by Anze Kopitar.
3:19 of 2nd period - Deflect By Anthony Mantha.
3:19 of 2nd period - Shot Misses the Net.
3:45 of 2nd period - Shot by Luke Glendening.
3:45 of 2nd period - Shot Misses the Net.
3:47 of 2nd period - Shot by Luke Glendening.
3:47 of 2nd period - Goal by Luke Glendening - WINNIPEG Jets : 1 - COLORADO Avalanche : 2.
3:48 of 2nd period - Philip Tomasino wins face-off versus Dawson Mercer in neutral zone.
3:48 of 2nd period - Gustav Lindstrom is hit by Noah Cates.
3:58 of 2nd period - Minor Penalty to Noah Cates for High sticking.
3:59 of 2nd period - Alexander Wennberg wins face-off versus Sam Reinhart in WINNIPEG Jets zone.
4:00 of 2nd period - Shot by Noah Dobson.
4:00 of 2nd period - Stopped by Ukko-Pekka Luukkonen without a rebound.
4:01 of 2nd period - Sam Reinhart wins face-off versus Alexander Wennberg in WINNIPEG Jets zone.
4:01 of 2nd period - Sam Reinhart is hit by Luke Glendening.
4:11 of 2nd period - Damon Severson is hit by Luke Glendening and loses puck.
4:38 of 2nd period - Shot by Alexander Wennberg.
4:38 of 2nd period - Shot Misses the Net.
5:02 of 2nd period - Shot by Mark Pysyk.
5:02 of 2nd period - Stopped by Ukko-Pekka Luukkonen without a rebound.
5:03 of 2nd period - Claude Giroux wins face-off versus Dawson Mercer in WINNIPEG Jets zone.
5:56 of 2nd period - Damon Severson is hit by Luke Glendening and loses puck.
6:52 of 2nd period - Minor Penalty to Luke Glendening for Diving.
6:53 of 2nd period - Claude Giroux wins face-off versus Sam Reinhart in COLORADO Avalanche zone.
6:53 of 2nd period - Claude Giroux is hit by Charlie Coyle.
7:29 of 2nd period - Gemel Smith is hit by Noah Dobson and loses puck.
8:06 of 2nd period - Shot by Ethan Bear.
8:06 of 2nd period - Stopped by Laurent Brossoit with a rebound.
8:48 of 2nd period - Anthony Mantha is hit by Sam Reinhart and loses puck.
9:44 of 2nd period - Shot by Olli Juolevi.
9:44 of 2nd period - Shot Misses the Net.
9:46 of 2nd period - Shot by Noah Cates.
9:46 of 2nd period - Goal by Noah Cates - WINNIPEG Jets : 2 - COLORADO Avalanche : 2.
9:47 of 2nd period - Gemel Smith wins face-off versus Anze Kopitar in neutral zone.
10:03 of 2nd period - Icing by Anze Kopitar.
10:04 of 2nd period - Anze Kopitar wins face-off versus Sam Reinhart in COLORADO Avalanche zone.
10:22 of 2nd period - Icing by Jeff Petry .
10:23 of 2nd period - Alexei Toropchenko wins face-off versus Alexander Wennberg in WINNIPEG Jets zone.
10:44 of 2nd period - Shot by Alexei Toropchenko.
10:44 of 2nd period - Stopped by Laurent Brossoit without a rebound.
10:45 of 2nd period - Anze Kopitar wins face-off versus Dawson Mercer in COLORADO Avalanche zone.
11:06 of 2nd period - Shot by Luke Glendening.
11:06 of 2nd period - Stopped by Ukko-Pekka Luukkonen without a rebound.
11:07 of 2nd period - Claude Giroux wins face-off versus Rasmus Kupari in WINNIPEG Jets zone.
11:14 of 2nd period - Shot by Artemi Panarin.
11:14 of 2nd period - Deflect By Alexander Wennberg.
11:14 of 2nd period - Shot Misses the Net.
11:16 of 2nd period - Shot by Alexander Wennberg.
11:16 of 2nd period - Shot Misses the Net.
11:28 of 2nd period - Shot by Alexander Wennberg.
11:28 of 2nd period - Stopped by Ukko-Pekka Luukkonen with a rebound.
11:30 of 2nd period - Shot by Claude Giroux.
11:30 of 2nd period - Stopped by Ukko-Pekka Luukkonen without a rebound.
11:31 of 2nd period - Luke Glendening wins face-off versus Dawson Mercer in WINNIPEG Jets zone.
11:46 of 2nd period - Shot by Anze Kopitar.
11:46 of 2nd period - Stopped by Ukko-Pekka Luukkonen without a rebound.
11:46 of 2nd period - Minor Penalty to Ukko-Pekka Luukkonen for Slashing.
11:47 of 2nd period - Sam Reinhart wins face-off versus Claude Giroux in WINNIPEG Jets zone.
12:40 of 2nd period - Olli Juolevi is hit by Anthony Mantha and loses puck.
13:09 of 2nd period - Alexander Wennberg is hit by Gemel Smith and loses puck.
14:13 of 2nd period - Off-side.
14:14 of 2nd period - Rasmus Kupari wins face-off versus Adam Ruzicka in neutral zone.
14:21 of 2nd period - Shot by Eeli Tolvanen.
14:21 of 2nd period - Shot Misses the Net.
14:31 of 2nd period - Off-side.
14:32 of 2nd period - Sam Reinhart wins face-off versus Philip Tomasino in neutral zone.
14:34 of 2nd period - Minor Penalty to Christian Djoos for Hooking.
14:35 of 2nd period - Claude Giroux wins face-off versus Dawson Mercer in COLORADO Avalanche zone.
14:35 of 2nd period - Claude Giroux is hit by Dawson Mercer.
15:03 of 2nd period - Dawson Mercer is hit by Mark Pysyk and loses puck.
15:06 of 2nd period - Shot by Jeff Petry .
15:06 of 2nd period - Stopped by Laurent Brossoit with a rebound.
15:08 of 2nd period - Shot by Andreas Athanasiou.
15:08 of 2nd period - Stopped by Laurent Brossoit without a rebound.
15:09 of 2nd period - Sam Reinhart wins face-off versus Claude Giroux in COLORADO Avalanche zone.
15:14 of 2nd period - Shot by Ethan Bear.
15:14 of 2nd period - Stopped by Laurent Brossoit with a rebound.
15:16 of 2nd period - Shot by Gemel Smith.
15:16 of 2nd period - Shot Misses the Net.
15:18 of 2nd period - Shot by Ethan Bear.
15:18 of 2nd period - Shot Misses the Net.
15:36 of 2nd period - Shot by Gemel Smith.
15:36 of 2nd period - Deflect By Sam Reinhart.
15:36 of 2nd period - Stopped by Laurent Brossoit without a rebound.
15:37 of 2nd period - Dawson Mercer wins face-off versus Claude Giroux in COLORADO Avalanche zone.
15:44 of 2nd period - Shot by Jeff Petry .
15:44 of 2nd period - Shot Misses the Net.
16:34 of 2nd period - Gemel Smith is hit by Evgeny Svechnikov and loses puck.
18:12 of 2nd period - Icing by Eeli Tolvanen.
18:13 of 2nd period - Rasmus Kupari wins face-off versus Alexander Wennberg in WINNIPEG Jets zone.
18:19 of 2nd period - Olli Juolevi is hit by Brenden Dillon and loses puck.
18:28 of 2nd period - Ethan Bear is hit by Alexander Wennberg and loses puck.
18:37 of 2nd period - Shot by Artemi Panarin.
18:37 of 2nd period - Deflect By Claude Giroux.
18:37 of 2nd period - Shot Misses the Net.
18:43 of 2nd period - Shot by Alexander Wennberg.
18:43 of 2nd period - Shot Misses the Net.
18:45 of 2nd period - Shot by Brenden Dillon.
18:45 of 2nd period - Shot Blocked by Ethan Bear.
18:47 of 2nd period - Shot by Alexander Wennberg.
18:47 of 2nd period - Goal by Alexander Wennberg - WINNIPEG Jets : 2 - COLORADO Avalanche : 3.
18:48 of 2nd period - Glenn Gawdin wins face-off versus Dawson Mercer in neutral zone.
19:57 of 2nd period - Shot by Vitali Abramov.
19:57 of 2nd period - Stopped by Laurent Brossoit with a rebound.
19:59 of 2nd period - Shot by Gemel Smith.
19:59 of 2nd period - Shot Misses the Net.
Goals for this period are 1 for WINNIPEG Jets vs 2 for COLORADO Avalanche .
Shots for this period are 9 for WINNIPEG Jets vs 11 for COLORADO Avalanche .

3rd period


0:01 of 3rd period - Dawson Mercer wins face-off versus Alexander Wennberg in neutral zone.
0:03 of 3rd period - Damon Severson is hit by Artemi Panarin and loses puck.
0:41 of 3rd period - Icing by Jeff Petry .
0:42 of 3rd period - Anze Kopitar wins face-off versus Dawson Mercer in WINNIPEG Jets zone.
0:43 of 3rd period - Shot by Mark Pysyk.
0:43 of 3rd period - Shot Blocked by Jeff Petry .
1:05 of 3rd period - Shot by Anze Kopitar.
1:05 of 3rd period - Deflect By Anthony Mantha.
1:05 of 3rd period - Shot Misses the Net.
1:23 of 3rd period - Shot by Anthony Mantha.
1:23 of 3rd period - Deflect By Anze Kopitar.
1:23 of 3rd period - Shot Misses the Net.
2:07 of 3rd period - Shot by Alexei Toropchenko.
2:07 of 3rd period - Shot Misses the Net.
2:17 of 3rd period - Shot by Colton Parayko.
2:17 of 3rd period - Stopped by Laurent Brossoit without a rebound.
2:18 of 3rd period - Vitali Abramov wins face-off versus Alexander Wennberg in COLORADO Avalanche zone.
2:41 of 3rd period - Shot by Alex Barre-Boulet.
2:41 of 3rd period - Shot Blocked by Christian Djoos.
3:45 of 3rd period - Shot by Dmitrij Jaskin.
3:45 of 3rd period - Shot Misses the Net.
4:00 of 3rd period - Off-side.
4:01 of 3rd period - Anze Kopitar wins face-off versus Andreas Athanasiou in neutral zone.
4:01 of 3rd period - Anze Kopitar is hit by Rasmus Kupari.
4:29 of 3rd period - Anthony Mantha is hit by Colton Parayko and loses puck.
5:47 of 3rd period - Gustav Lindstrom is hit by Jeff Petry and loses puck.
6:23 of 3rd period - Icing by Mark Pysyk.
6:24 of 3rd period - Adam Ruzicka wins face-off versus Dmitrij Jaskin in COLORADO Avalanche zone.
6:24 of 3rd period - Adam Ruzicka is hit by Noah Cates.
6:52 of 3rd period - Shot by Dawson Mercer.
6:52 of 3rd period - Deflect By Dmitrij Jaskin.
6:52 of 3rd period - Stopped by Laurent Brossoit without a rebound.
6:53 of 3rd period - Anze Kopitar wins face-off versus Rasmus Kupari in COLORADO Avalanche zone.
7:00 of 3rd period - Shot by Andreas Athanasiou.
7:00 of 3rd period - Stopped by Laurent Brossoit without a rebound.
7:01 of 3rd period - Rasmus Kupari wins face-off versus Anze Kopitar in COLORADO Avalanche zone.
7:12 of 3rd period - Colton Parayko is hit by Luke Glendening and loses puck.
8:06 of 3rd period - Evgeny Svechnikov is hit by Jeff Petry and loses puck.
8:11 of 3rd period - Shot by Glenn Gawdin.
8:11 of 3rd period - Stopped by Ukko-Pekka Luukkonen without a rebound.
8:12 of 3rd period - Alexander Wennberg wins face-off versus Dawson Mercer in WINNIPEG Jets zone.
8:24 of 3rd period - Damon Severson is hit by Claude Giroux and loses puck.
8:33 of 3rd period - Noah Dobson is hit by Dmitrij Jaskin and loses puck.
9:13 of 3rd period - Off-side.
9:14 of 3rd period - Anze Kopitar wins face-off versus Gemel Smith in neutral zone.
9:33 of 3rd period - Shot by Ethan Bear.
9:33 of 3rd period - Stopped by Laurent Brossoit without a rebound.
9:34 of 3rd period - Rasmus Kupari wins face-off versus Philip Tomasino in COLORADO Avalanche zone.
9:49 of 3rd period - Icing by Colton Parayko.
9:50 of 3rd period - Anze Kopitar wins face-off versus Rasmus Kupari in WINNIPEG Jets zone.
10:44 of 3rd period - Shot by Jeff Petry .
10:44 of 3rd period - Stopped by Laurent Brossoit with a rebound.
11:02 of 3rd period - Shot by Claude Giroux.
11:02 of 3rd period - Stopped by Ukko-Pekka Luukkonen without a rebound.
11:03 of 3rd period - Sam Reinhart wins face-off versus Alexander Wennberg in WINNIPEG Jets zone.
11:03 of 3rd period - Sam Reinhart is hit by Alexander Wennberg.
11:48 of 3rd period - Icing by Claude Giroux.
11:49 of 3rd period - Alexander Wennberg wins face-off versus Dawson Mercer in COLORADO Avalanche zone.
11:49 of 3rd period - Alexander Wennberg is hit by Dmitrij Jaskin.
11:57 of 3rd period - Shot by Claude Giroux.
11:57 of 3rd period - Stopped by Ukko-Pekka Luukkonen without a rebound.
11:58 of 3rd period - Philip Tomasino wins face-off versus Dawson Mercer in WINNIPEG Jets zone.
12:12 of 3rd period - Minor Penalty to Jeff Petry for Interference.
12:13 of 3rd period - Alexander Wennberg wins face-off versus Sam Reinhart in WINNIPEG Jets zone.
12:14 of 3rd period - Shot by Christian Djoos.
12:14 of 3rd period - Stopped by Ukko-Pekka Luukkonen without a rebound.
12:15 of 3rd period - Sam Reinhart wins face-off versus Claude Giroux in WINNIPEG Jets zone.
12:44 of 3rd period - Shot by Oscar Klefbom.
12:44 of 3rd period - Stopped by Ukko-Pekka Luukkonen without a rebound.
12:45 of 3rd period - Alexander Wennberg wins face-off versus Sam Reinhart in WINNIPEG Jets zone.
12:50 of 3rd period - Shot by Alexander Wennberg.
12:50 of 3rd period - Stopped by Ukko-Pekka Luukkonen without a rebound.
12:51 of 3rd period - Alex Chiasson wins face-off versus Sam Reinhart in WINNIPEG Jets zone.
13:08 of 3rd period - Shot by Alexander Wennberg.
13:08 of 3rd period - Shot Misses the Net.
14:47 of 3rd period - Shot by Glenn Gawdin.
14:47 of 3rd period - Stopped by Ukko-Pekka Luukkonen without a rebound.
14:48 of 3rd period - Adam Ruzicka wins face-off versus Eeli Tolvanen in WINNIPEG Jets zone.
15:10 of 3rd period - Icing by Anton Lindholm.
15:11 of 3rd period - Anze Kopitar wins face-off versus Rasmus Kupari in WINNIPEG Jets zone.
15:22 of 3rd period - Luke Glendening is hit by Rasmus Kupari.
16:18 of 3rd period - Shot by Jeff Petry .
16:18 of 3rd period - Shot Blocked by Oscar Klefbom.
16:47 of 3rd period - Icing by Damon Severson.
16:48 of 3rd period - Dawson Mercer wins face-off versus Philip Tomasino in WINNIPEG Jets zone.
17:16 of 3rd period - Ethan Bear is hit by Brenden Dillon and loses puck.
17:22 of 3rd period - Icing by Gustav Lindstrom.
17:23 of 3rd period - Gemel Smith wins face-off versus Philip Tomasino in COLORADO Avalanche zone.
17:29 of 3rd period - Icing by Gustav Lindstrom.
17:30 of 3rd period - Philip Tomasino wins face-off versus Rasmus Kupari in COLORADO Avalanche zone.
17:47 of 3rd period - Shot by Rasmus Kupari.
17:47 of 3rd period - Stopped by Laurent Brossoit without a rebound.
17:48 of 3rd period - Dawson Mercer wins face-off versus Alexander Wennberg in COLORADO Avalanche zone.
18:00 of 3rd period - Icing by Noah Cates.
18:01 of 3rd period - Anze Kopitar wins face-off versus Dawson Mercer in WINNIPEG Jets zone.
18:09 of 3rd period - Icing by Dmitrij Jaskin.
18:10 of 3rd period - Alexander Wennberg wins face-off versus Dawson Mercer in WINNIPEG Jets zone.
18:11 of 3rd period - Shot by Artemi Panarin.
18:11 of 3rd period - Shot Misses the Net.
19:01 of 3rd period - Icing by Dmitrij Jaskin.
19:02 of 3rd period - Dawson Mercer wins face-off versus Claude Giroux in WINNIPEG Jets zone.
19:47 of 3rd period - Shot by Artemi Panarin.
19:47 of 3rd period - Shot Misses the Net.
19:49 of 3rd period - Shot by Oscar Klefbom.
19:49 of 3rd period - Shot Misses the Net.
19:51 of 3rd period - Shot by Christian Djoos.
19:51 of 3rd period - Goal by Christian Djoos - WINNIPEG Jets : 2 - COLORADO Avalanche : 4.
19:52 of 3rd period - Glenn Gawdin wins face-off versus Gemel Smith in neutral zone.
19:54 of 3rd period - Off-side.
19:55 of 3rd period - Gemel Smith wins face-off versus Philip Tomasino in neutral zone.
19:55 of 3rd period - Ethan Bear is hit by Philip Tomasino and loses puck.
19:59 of 3rd period - Minor Penalty to Noah Dobson for Tripping.
Goals for this period are 0 for WINNIPEG Jets vs 1 for COLORADO Avalanche .
Shots for this period are 6 for WINNIPEG Jets vs 8 for COLORADO Avalanche .